Map: Golden Wall LE

Players

Future - Winner!

  • Race: Terran Terran
  • Spawn Location: 7:00

Scarlett

  • Race: Zerg Zerg
  • Spawn Location: 5:00

Event: DreamHack SC2 Masters 2020 Summer North America

VOD

Have the link to the VOD?

Description

Time

  • Played on: July 8, 2020, 4:02 p.m.
  • Length: 10:14

All games in this series

Show
View Real Time Build Order
Export as new Build Order

Future Terran - Winner!

Build Orders: Liberator Opening, Reaper Expand 

Get SALT Encoding   

  12  0:00  SCV  
  13  0:13  SCV  
  14  0:17  Supply Depot  
  14  0:25  SCV  
  15  0:39  SCV  
  15  0:40  Barracks  
  16  0:43  Refinery  
  16  0:51  SCV  
  17  1:03  SCV  
  18  1:15  SCV  
  19  1:27  Reaper, Orbital Command  
  20  1:40  Command Center  
  20  1:51  Supply Depot  
  20  1:53  SCV  
  21  1:58  Marine  
  22  2:05  SCV  
  23  2:08  Factory  
  23  2:14  Refinery  
  23  2:17  SCV  
  25  2:23  Barracks Reactor  
  25  2:29  SCV  
  25  2:41  SCV  
  26  2:52  Orbital Command  
  26  2:53  SCV  
  26  2:54  Starport  
  27  3:04  Hellion x2  
  31  3:05  SCV  
  31  3:07  Barracks Tech Lab  
  31  3:09  Supply Depot  
  32  3:17  SCV  
  32  3:18  SCV  
  34  3:26  Hellion x2  
  38  3:30  SCV x2  
  38  3:34  Liberator  
  43  3:41  Supply Depot  
  43  3:42  SCV x2  
  43  3:47  Hellion  
  49  3:48  Hellion  
  49  3:54  SCV x2  
  51  3:57  Armory  
  51  4:06  SCV x2  
  51  4:07  Supply Depot  
  53  4:12  Hellion x2  
  53  4:15  Stimpack  
  57  4:18  SCV  
  57  4:19  SCV  
  59  4:31  SCV x2  
  60  4:35  Starport Reactor  
  61  4:39  Command Center  
  61  4:42  Marine  
  61  4:43  SCV x2, Factory Tech Lab  
  64  4:53  Barracks  
  64  4:55  SCV x2, Barracks  
  66  5:02  Marine  
  67  5:08  SCV x2  
  67  5:11  Engineering Bay x2  
  69  5:20  Marine  
  62  5:21  Starport Reactor  
  62  5:22  SCV x2  
  62  5:26  Refinery x2  
  52  5:28  Cyclone  
  57  5:38  Terran Infantry Weapons Level 1, Marine, Barracks x2  
  57  5:40  Terran Infantry Armor Level 1  
  58  5:44  Marine x2  
  58  5:47  Marine  
  58  5:48  Marine  
  60  5:50  Missile Turret  
  60  5:52  Missile Turret  
  60  5:53  Orbital Command  
  60  5:55  Marine  
  61  5:58  Combat Shield  
  61  5:59  Missile Turret  
  63  6:06  Marine x4  
  63  6:11  Siege Tank  
  68  6:13  Marine  
  68  6:14  Medivac  
  68  6:16  Medivac, Orbital Command  
  73  6:20  Supply Depot  
  73  6:23  Supply Depot  
  73  6:30  Barracks Reactor x2  
  73  6:32  Marine  
  71  6:33  Marine  
  71  6:36  Marine  
  71  6:37  Marine x2  
  77  6:43  Siege Tank  
  77  6:44  Supply Depot  
  79  6:49  Medivac, Supply Depot  
  79  6:50  Marine  
  79  6:51  Marine  
  79  6:54  Marine  
  83  6:55  Marine x2  
  83  6:56  SCV x2, Medivac  
  83  6:57  SCV  
  91  7:07  Marine  
  91  7:08  Marine x5  
  96  7:11  Marine  
  96  7:12  SCV x2, Supply Depot, Marine  
  96  7:13  Marine  
  103  7:18  Siege Tank  
  103  7:19  Supply Depot  
  105  7:25  Marine x2  
  105  7:26  Marine  
  105  7:27  Marine x3  
  105  7:29  Marine  
  112  7:35  Supply Depot  
  112  7:37  Marine x2  
  112  7:43  SCV, Marine x3  
  118  7:46  SCV x2  
  118  7:50  Siege Tank  
  123  7:52  Missile Turret  
  123  7:53  Missile Turret  
  121  8:03  Marine  
  121  8:04  Marine  
  118  8:07  Marine x3  
  121  8:13  Liberator x2  
  121  8:17  Marine  
  121  8:19  Marine  
  129  8:24  Siege Tank  
  129  8:25  Marine x2  
  129  8:26  Marine  
  132  8:32  Marine x3  
  132  8:33  Marine  
  135  8:43  Marine  
  135  8:44  Marine  
  135  8:52  Marine  
  135  8:53  Marine x6  
  125  8:56  Siege Tank, Liberator x2  
  133  9:03  Marine  
  133  9:04  Marine  
  135  9:10  Marine  
  135  9:11  Supply Depot, Marine x2  
  135  9:15  Marine  
  135  9:16  Marine  
  139  9:23  Marine x2  
  141  9:25  Supply Depot  
  141  9:32  Marine x4  
  141  9:33  Siege Tank  
  141  9:34  Marine  
  149  9:41  Marine x3  
  132  9:47  Marine  
  132  9:50  Marine x2  
  132  9:52  Marine  
Show
View Real Time Build Order
Export as new Build Order

Scarlett Zerg 

Build Orders: Hatch First, Muta Ling Bane 

Get SALT Encoding   

  12  0:00  Drone  
  13  0:12  Overlord  
  13  0:18  Drone  
  14  0:31  Drone x2  
  16  0:48  Hatchery  
  15  0:51  Drone  
  15  0:55  Drone  
  17  0:59  Drone  
  18  1:08  Extractor  
  17  1:14  Spawning Pool  
  17  1:17  Drone  
  17  1:20  Drone  
  18  1:29  Drone  
  19  1:40  Drone  
  20  1:49  Overlord  
  20  2:00  Queen x2  
  24  2:02  Zergling x4  
  26  2:12  Drone x2, Metabolic Boost  
  28  2:23  Drone x2  
  30  2:32  Drone  
  30  2:36  Queen  
  33  2:39  Queen  
  33  2:44  Overlord  
  35  2:47  Drone  
  36  3:01  Overlord  
  36  3:02  Drone x2  
  38  3:06  Drone  
  38  3:07  Drone  
  38  3:08  Drone  
  38  3:09  Drone x2  
  38  3:12  Drone  
  44  3:14  Overlord  
  44  3:19  Lair  
  44  3:25  Drone x3  
  47  3:31  Extractor x2  
  45  3:38  Drone  
  45  3:39  Drone x2  
  48  3:42  Drone  
  48  3:47  Drone x3  
  52  3:50  Drone  
  52  3:51  Drone x3  
  52  3:54  Extractor  
  55  3:58  Queen  
  57  4:05  Drone x2  
  59  4:11  Baneling Nest  
  59  4:15  Hatchery  
  57  4:19  Spire  
  57  4:23  Overlord  
  56  4:25  Overseer  
  56  4:26  Zergling x2  
  58  4:31  Zergling x6  
  58  4:36  Overlord  
  60  4:45  Spine Crawler  
  60  4:47  Zergling x10  
  64  4:53  Zergling x2  
  64  4:54  Baneling  
  64  4:55  Baneling x5  
  64  4:56  Baneling  
  65  5:02  Zergling x10  
  56  5:28  Drone  
  54  5:29  Drone  
  55  5:36  Mutalisk x5  
  55  5:38  Mutalisk  
  67  5:45  Drone x2  
  67  5:46  Zerg Flyer Weapons Level 1  
  67  5:48  Drone  
  70  5:55  Drone  
  70  5:56  Drone x3  
  74  6:00  Centrifical Hooks  
  74  6:01  Drone  
  74  6:02  Drone  
  76  6:09  Drone  
  76  6:10  Drone x3  
  80  6:13  Overlord  
  80  6:15  Overlord  
  80  6:19  Drone x2  
  80  6:22  Overlord  
  82  6:34  Drone x10  
  82  6:37  Mutalisk  
  94  6:51  Evolution Chamber, Drone x2, Extractor  
  94  6:52  Evolution Chamber, Drone  
  94  6:53  Mutalisk x3, Extractor  
  99  6:56  Baneling x2  
  99  6:58  Zergling x2  
  101  7:01  Zergling x6  
  101  7:02  Overlord  
  103  7:09  Zergling x6  
  103  7:10  Baneling x5  
  106  7:18  Overlord x2  
  106  7:21  Zerg Melee Weapons Level 1, Zerg Ground Armor Level 1  
  106  7:22  Zergling x8  
  109  7:25  Baneling x5  
  109  7:28  Queen  
  111  7:34  Zergling x4  
  111  7:35  Overlord x2  
  113  7:38  Overlord  
  113  7:39  Zergling x4  
  113  7:42  Baneling x6  
  115  7:49  Zergling x8  
  115  7:50  Zergling x4  
  115  7:51  Baneling x5  
  121  7:55  Zergling x2  
  121  7:57  Baneling  
  121  7:58  Baneling x9  
  122  8:00  Zergling x4  
  122  8:05  Baneling x4  
  124  8:08  Zergling x10  
  124  8:12  Baneling x2  
  125  8:18  Zergling x10  
  119  8:32  Zergling x18  
  119  8:33  Baneling  
  119  8:34  Baneling x10  
  121  8:38  Zergling x2  
  121  8:40  Baneling x8  
  121  8:47  Queen  
  108  8:55  Zergling x10  
  108  8:57  Queen  
  108  9:00  Zergling x8  
  108  9:01  Baneling  
  108  9:02  Baneling x11  
  118  9:05  Queen  
  118  9:12  Zergling x6  
  118  9:22  Zergling x6  
  116  9:30  Zergling x10  
  119  9:32  Baneling x2  
  119  9:34  Hatchery, Overlord x2  
  96  9:47  Zergling x6  
  96  9:51  Zergling x2, Baneling x6  
  91  9:55  Zergling x2  
Tags
 
Add a new tag
Caveats
  • Supply blocks, unpowered buildings, or Contaminate may cause inaccurate times.
  • Supply counts are checked every 10 seconds.